Cogmind - Beta 10.2 @@@ ROGUE MODE // 2021.11.17 @ 00:54:33 Player: Jezoensis Result: Destroyed by Enhanced Grunt with Neutron Cannon Performance ------------- Evolutions (4) 2000 Regions Visited (14) 2800 Robots Destroyed (93) 465 Value Destroyed (2999) 2999 Prototype IDs (240) 4800 Alien Tech Used (0) 0 Bonus (4403) 4403 TOTAL SCORE: 17467 Bonus ------- Follower Combat Kills 103 Entered Garrisons 200 Used RIF Installer 500 Aligned with FarCom 300 Met Data Miner 300 Used Data Conduit 3000 Cogmind --------- Core Integrity 0/850 Matter 114/300 Energy 160/160 System Corruption 0% Temperature Cool (10) Movement Walking (210) Ox3 Location -6/Data Miner Parts ------- > --- POWER (2) -------- Light Nuclear Core > --- PROPULSION (4) --- Carbon-fiber Leg > --- UTILITY (7) ------ Medium Storage Unit Large Storage Unit Large Storage Unit Visual Processing Unit Terrain Scan Processor Makeshift Salvage Targeting Computer > --- WEAPON (2) ------- Flak Gun > --- INVENTORY (20) --- Carbon-fiber Leg Gravmag System Gravmag System Combat Airjet Combat Airjet Advanced Heat Sink High-capacity Matter Pod (200) Field Lobotomy Kit Chainsword Great Axe Peak State ------------ > --- POWER ------------ Improved Deuterium Engine Improved Deuterium Engine > --- PROPULSION ------- Carbon-fiber Leg Carbon-fiber Leg Flexi-carbon Leg Armored Leg > --- UTILITY ---------- Medium Storage Unit Large Storage Unit Large Storage Unit Visual Processing Unit Terrain Scan Processor Makeshift Salvage Targeting Computer Hacking Suite > --- WEAPON ----------- Shock Bomb Launcher Field Lobotomy Kit > --- INVENTORY -------- Light Nuclear Core Light Angular Momentum Engine Carbon-fiber Leg Carbon-fiber Leg Carbon-fiber Leg Carbon-fiber Leg Gravmag System Gravmag System Combat Airjet Combat Airjet Advanced Heat Sink High-capacity Matter Pod Heavy Laser Gauss Rifle Flak Gun Shock Bomb Launcher Chainsword Great Axe [Rating: 57] Favorites ----------- Power Nuclear Core Engine Improved Deuterium Engine Power Core Nuclear Core Propulsion Carbon-fiber Leg Treads Light Treads Leg Carbon-fiber Leg Utility Large Storage Unit Device Improved Terrain Scanner Storage Large Storage Unit Processor Improved Terrain Scan Processor Hackware Hacking Suite Protection Improved Light Armor Plating Weapon Gauss Rifle Energy Gun Heavy EM Shotgun Ballistic Gun Gauss Rifle Launcher Shock Bomb Launcher Special Weapon Mining Laser Slashing Weapon Chainsword Build | -11 -10 -10 -10 -9 -8 -8 -8 -7 -7 -7 -6 -6 -6 -6 ------- Run | Scr Mat Min Exi Min Mat Gar Mat Fac Low Low Fac Low Low Dat Slots Evolved 8 | . . . . . 4 . . 2 . . 2 . . . Power 1 | . . . . . . . . . . . 1 . . . Propulsion 2 | . . . . . 1 . . 1 . . . . . . Utility 5 | . . . . . 3 . . 1 . . 1 . . . Weapon . | . . . . . . . . . . . . . . . Parts Attached 220 | 8 3 . 3 5 56 9 9 34 5 17 38 5 11 17 Power 23 | 1 1 . . 1 5 . . 3 . . 5 . 3 4 Engine 12 | 1 1 . . 1 2 . . . . . 2 . 2 3 Core 11 | . . . . . 3 . . 3 . . 3 . 1 1 Reactor . | . . . . . . . . . . . . . . . Propulsion 44 | 2 . . . 1 11 4 2 6 2 4 6 1 2 3 Treads 3 | 2 . . . 1 . . . . . . . . . . Leg 41 | . . . . . 11 4 2 6 2 4 6 1 2 3 Wheel . | . . . . . . . . . . . . . . . Hover . | . . . . . . . . . . . . . . . Flight . | . . . . . . . . . . . . . . . Utility 76 | 2 . . 1 2 21 4 3 15 3 9 10 2 3 1 Device 40 | 1 . . . 1 11 4 2 10 1 4 3 1 2 . Storage 5 | 1 . . 1 . 1 . . 1 . . . . 1 . Processor 8 | . . . . . 2 . . . . 1 4 . . 1 Hackware 3 | . . . . . 1 . 1 1 . . . . . . Protection 20 | . . . . 1 6 . . 3 2 4 3 1 . . Artifact . | . . . . . . . . . . . . . . . Weapon 77 | 3 2 . 2 1 19 1 4 10 . 4 17 2 3 9 Energy Gun 22 | . . . . . 11 . 2 2 . 1 3 1 1 1 Energy Cannon . | . . . . . . . . . . . . . . . Ballistic Gun 27 | 3 1 . 1 1 2 1 . 5 . 2 8 . 1 2 Ballistic Cannon . | . . . . . . . . . . . . . . . Launcher 7 | . . . . . . . . 1 . 1 2 . 1 2 Special Weapon 13 | . 1 . 1 . 6 . 2 . . . 1 . . 2 Impact Weapon . | . . . . . . . . . . . . . . . Slashing Weapon 8 | . . . . . . . . 2 . . 3 1 . 2 Piercing Weapon . | . . . . . . . . . . . . . . . Special Melee Weapon . | . . . . . . . . . . . . . . . Unidentified Prototypes 6 | . . . . . 5 . . . . . 1 . . . Parts Lost 29 | . . . . 1 3 2 . 1 1 . 5 2 . 14 Power 4 | . . . . . . . . . . . 1 . . 3 Propulsion 14 | . . . . 1 1 2 . . 1 . 2 1 . 6 Utility 4 | . . . . . 2 . . . . . 1 . . 1 Weapon 7 | . . . . . . . . 1 . . 1 1 . 4 Highest Loss Streak 14 | . . . . 1 1 2 . 1 1 . 3 1 . 14 Average Slot Usage (%) 98 | . 100 100 100 100 97 100 100 99 100 99 98 98 97 94 Engine 4 | . 14 14 14 14 3 . . . . . 4 6 6 7 Core 5 | . . . . . 5 9 9 7 7 7 7 6 5 4 Treads 4 | . 28 28 28 28 . . . . . . . . . . Leg 23 | . . . . . 25 27 27 30 30 30 25 25 26 23 Device 9 | . 14 14 14 7 12 9 8 11 14 6 5 4 5 2 Storage 15 | . 14 14 14 14 17 18 18 15 15 15 13 13 15 20 Processor 7 | . . . . . 3 9 9 7 7 7 12 13 13 16 Hackware 5 | . . . . . 5 9 9 9 7 7 6 6 6 4 Protection 3 | . . . . 7 4 . . 1 . 6 6 6 2 . Energy Gun 3 | . . . . . 9 9 6 2 . 1 1 5 5 3 Ballistic Gun 12 | . 27 28 28 28 8 9 9 11 15 12 9 6 3 2 Naked Turns . | . . . . . . . . . . . . . . . Heaviest Build 72 | 11 11 11 15 19 44 40 40 53 51 55 62 60 69 72 Greatest Support 66 | 40 40 40 40 40 45 45 40 55 50 63 63 61 66 66 Greatest Overweight (x) 1 | . . . . . 1 . . . 1 1 1 . 1 1 Average Overweight (x) . | . . . . . . . . . . . . . . . Largest Inventory Capacity 20 | 6 6 6 8 8 14 14 14 16 16 16 16 16 20 20 Average Capacity 14 | 5 6 6 7 8 13 14 14 15 16 16 16 16 17 20 Most Carried 20 | 4 5 5 7 8 14 14 14 16 16 16 16 16 20 20 Average Carried 13 | 2 4 5 6 7 12 13 13 15 16 15 15 15 16 17 Final Capacity 20 | 6 6 6 8 8 14 14 14 16 16 16 16 16 20 20 Final Carried 20 | 4 5 5 7 8 14 14 14 16 16 16 16 15 20 10 Class Distribution -------------------- 34% | Scavenger-Skirmisher 21% | Mutant 19% | Scavenger-Mutant 16% | Skirmisher 4% | Scavenger-Assassin 3% | Hacker-Skirmisher Dominant Class ---------------- Mutant | -10/Materials Mutant | -10/Mines Mutant | -10/Exiles Skirmisher | -9/Mines Skirmisher | -8/Materials Skirmisher | -8/Garrison Scavenger-Mutant | -8/Materials Scavenger-Skirmisher | -7/Factory Scavenger-Mutant | -7/Lower Caves Scavenger-Mutant | -7/Lower Caves Scavenger-Skirmisher | -6/Factory Scavenger-Skirmisher | -6/Lower Caves Scavenger-Skirmisher | -6/Lower Caves Scavenger-Skirmisher | -6/Data Miner Resources | -11 -10 -10 -10 -9 -8 -8 -8 -7 -7 -7 -6 -6 -6 -6 ----------- Run | Scr Mat Min Exi Min Mat Gar Mat Fac Low Low Fac Low Low Dat Matter Collected 3749 | 320 70 18 146 95 707 127 76 490 394 329 758 67 152 . Remotely . | . . . . . . . . . . . . . . . Salvage Created 4185 | 174 197 . . 161 931 343 215 381 322 241 781 67 262 110 Parts 226 | 14 12 . . 10 59 17 9 24 10 6 43 2 11 9 Haulers Intercepted 4 | . 1 . . . 2 . . 1 . . . . . . Recyclers Shooed 4 | . . 1 . 2 . . . . . . 1 . . . Parts Field Recycled . | . . . . . . . . . . . . . . . Retrieved Matter . | . . . . . . . . . . . . . . . Parts Self-Destructed 11 | . . . . . . . . . 7 . . 2 2 . Prevented 9 | . . . . . . . . . . 3 . . 6 . Kills | -11 -10 -10 -10 -9 -8 -8 -8 -7 -7 -7 -6 -6 -6 -6 ------- Run | Scr Mat Min Exi Min Mat Gar Mat Fac Low Low Fac Low Low Dat Combat Hostiles Destroyed 68 | . 3 . . 6 15 11 3 6 1 4 13 1 4 1 Guns 55 | . 3 . . 6 15 10 3 3 1 2 10 1 . 1 AOE 5 | . . . . . . 1 . 1 . 1 1 . 1 . Classes Destroyed 15 | 2 3 . . 2 2 1 . 2 1 . 1 1 . . Worker 1 | . . . . . . . . 1 . . . . . . Builder 6 | . 1 . . . 3 . 1 . . . 1 . . . Tunneler 6 | 4 . . . . . . . . . . 2 . . . Hauler 4 | . 1 . . . 2 . . 1 . . . . . . Recycler 3 | 1 . . . . 2 . . . . . . . . . Watcher 5 | . . . . . 2 . 1 1 . . 1 . . . Swarmer 21 | . . . . 3 7 7 . . . . 4 . . . Grunt 25 | . 3 . . 2 2 3 2 3 . 2 4 . 4 . Brawler 1 | . . . . 1 . . . . . . . . . . Duelist 1 | . . . . . . . . . . . 1 . . . Sentry 9 | . . . . . 6 . 1 . . . 2 . . . Hunter 5 | . . . . . . 1 . . 1 2 1 . . . Programmer 4 | . . . . . . . . 3 . . 1 . . . Behemoth 1 | . . . . . . . . . . . . 1 . . Enhanced Grunt 1 | . . . . . . . . . . . . . . 1 Packrat 2 | . . . . . . . . . 2 . . . . . Samaritan 2 | . . . . . . . . . 2 . . . . . Best Kill Streak 10 | 4 3 . . 3 3 10 4 2 1 2 4 1 4 1 Combat Bots Only 10 | . 1 . . 3 3 10 3 2 1 2 3 1 4 1 Max Kills in Single Turn 2 | 1 1 . . 2 1 1 1 1 1 1 1 1 1 1 Gunslinging 1 | . . . . 1 . . . . . . . . . . Exploded 1 | . . . . . . 1 . 1 . 1 1 . 1 . Melee . | . . . . . . . . . . . . . . . Uniques/NPCs Destroyed . | . . . . . . . . . . . . . . . Combat | -11 -10 -10 -10 -9 -8 -8 -8 -7 -7 -7 -6 -6 -6 -6 -------- Run | Scr Mat Min Exi Min Mat Gar Mat Fac Low Low Fac Low Low Dat Damage Taken 6773 | . 337 . . 159 825 367 42 723 104 315 1403 533 151 1814 Core 1402 | . 34 . . 29 122 45 . 220 24 34 265 51 19 559 Absorbed by Shields . | . . . . . . . . . . . . . . . Core Remaining (%) 75 | 100 . . . 74 . . 69 . . 60 . . . . Volleys Fired 291 | 11 29 2 . 10 68 20 23 26 11 15 53 7 4 12 Largest 2 | 2 2 2 . 2 2 2 2 2 2 2 2 2 1 2 Hottest 119 | 40 100 40 . 40 119 78 100 89 56 78 108 108 36 97 Shots Fired 524 | 22 56 4 . 20 125 38 29 43 22 24 103 14 4 20 Gun 474 | 22 55 4 . 20 116 38 22 35 22 19 92 14 . 15 Cannon . | . . . . . . . . . . . . . . . Launcher 31 | . . . . . . . . 8 . 5 10 . 4 4 Special 19 | . 1 . . . 9 . 7 . . . 1 . . 1 Kinetic 363 | 22 55 4 . 20 65 20 15 30 22 10 81 7 . 12 Thermal 84 | . 1 . . . 50 . 7 5 . . 11 7 . 3 Explosive . | . . . . . . . . . . . . . . . Electromagnetic 75 | . . . . . 10 18 7 8 . 14 10 . 4 4 Robot Hit Streak 15 | 8 12 1 . 5 15 6 9 10 10 6 11 11 4 7 Robot Miss Streak 9 | 1 3 2 . 2 4 4 2 5 4 1 9 5 . 3 Penetration Max . | . . . . . . . . . . . . . . . Secondary Targets 8 | . 1 . . 3 2 1 . . . . 1 . . . Max Gunslinging Chain 1 | . 1 . . 1 1 1 . . . . 1 . . . Shots Hit Robots 356 | 15 37 1 . 13 71 24 13 35 19 20 74 14 4 16 Core Hits 226 | 7 12 2 . 12 35 15 9 21 21 7 54 10 6 15 Critical Hits 6 | . . . . . 1 1 . 1 2 . . . . 1 Critical Kills 4 | . . . . . 1 1 . . 2 . . . . . Critical Parts Destroyed 2 | . . . . . . . . 1 . . . . . 1 Melee Attacks 9 | . . . . . . . . 2 . . 5 1 . 1 Impact . | . . . . . . . . . . . . . . . Slashing 9 | . . . . . . . . 2 . . 5 1 . 1 Piercing . | . . . . . . . . . . . . . . . Sneak Attacks 1 | . . . . . . . . . . . . . . 1 Combat Hostiles . | . . . . . . . . . . . . . . . Follow-up Attacks . | . . . . . . . . . . . . . . . Damage Inflicted 7395 | 180 359 30 . 171 1006 446 374 871 463 516 1771 355 354 499 Guns 5513 | 180 359 30 . 171 1006 395 374 394 463 233 1332 355 . 221 Cannons . | . . . . . . . . . . . . . . . Explosions 1735 | . . . . . . 51 . 477 . 283 439 . 354 131 Melee 147 | . . . . . . . . . . . . . . 147 Ramming . | . . . . . . . . . . . . . . . Kinetic 3815 | 180 359 30 . 171 342 133 195 310 463 67 1197 161 . 207 Thermal 1271 | . . . . . 535 51 . 285 . 57 135 194 . 14 Explosive . | . . . . . . . . . . . . . . . Electromagnetic 2162 | . . . . . 129 262 179 276 . 392 439 . 354 131 Impact . | . . . . . . . . . . . . . . . Slashing 147 | . . . . . . . . . . . . . . 147 Piercing . | . . . . . . . . . . . . . . . Highest Corruption 3 | . . . . . 3 3 3 3 3 3 1 1 1 . Average Corruption 2 | . . . . . 3 3 3 1 3 3 1 1 1 . Corruption Purged 1 | . . . . . . . . . . . . . 1 . Effects 46 | . . . . . 7 7 6 7 5 12 1 . 1 . Message Errors 13 | . . . . . 1 3 1 2 2 3 . . 1 . Matter Fused 3 | . . . . . . 2 1 . . . . . . . Heat Flow Errors 7 | . . . . . 1 . . 2 1 3 . . . . Energy Discharges 8 | . . . . . 1 . . 2 1 3 1 . . . Data Loss (minor) 6 | . . . . . 1 . 2 1 1 1 . . . . Targeting Errors 5 | . . . . . 1 2 1 . . 1 . . . . Weapon Failures 4 | . . . . . 2 . 1 . . 1 . . . . Overload Shots . | . . . . . . . . . . . . . . . Overflow Damage 106 | . . . . . . . . 95 . 10 1 . . . Projectiles . | . . . . . . . . . . . . . . . Explosions 106 | . . . . . . . . 95 . 10 1 . . . Melee . | . . . . . . . . . . . . . . . Knockbacks . | . . . . . . . . . . . . . . . Impact . | . . . . . . . . . . . . . . . Kinetic . | . . . . . . . . . . . . . . . Secondary . | . . . . . . . . . . . . . . . Self-Inflicted Damage 421 | . . . . . . . . 358 . 45 . . 18 . Shots 9 | . . . . . . . . 4 . 1 . . 4 . Rammed . | . . . . . . . . . . . . . . . Targets Rammed . | . . . . . . . . . . . . . . . Kicked . | . . . . . . . . . . . . . . . Crushed . | . . . . . . . . . . . . . . . Highest Temperature 269 | . 20 . . 12 269 18 12 105 141 223 159 210 . 36 Average Temperature 48 | . 7 . . 6 58 10 5 39 85 70 51 85 . 14 Received Heat Transfer 1239 | . 180 . . 60 270 18 . 36 . 36 288 72 45 234 Siege Activations . | . . . . . . . . . . . . . . . Robots Corrupted 8 | . . . . . . . . 2 . 1 2 . 3 . Combat Hostiles 8 | . . . . . . . . 2 . 1 2 . 3 . Parts Fried 12 | . . . . . . . . 1 . 3 4 . 4 . Impact Corruptions . | . . . . . . . . . . . . . . . Robots Melted . | . . . . . . . . . . . . . . . Combat Hostiles . | . . . . . . . . . . . . . . . Parts Melted 3 | . . . . . 2 . . . . . 1 . . . Heat Transferred 2319 | . . . . . 1184 50 . 298 . 50 300 400 . 37 Parts Sabotaged . | . . . . . . . . . . . . . . . Parts Stolen . | . . . . . . . . . . . . . . . Parts Stripped . | . . . . . . . . . . . . . . . Power Chain Reactions 3 | . . . . . . 1 . 1 . 1 . . . . Missiles Intercepted . | . . . . . . . . . . . . . . . Alert | -11 -10 -10 -10 -9 -8 -8 -8 -7 -7 -7 -6 -6 -6 -6 ------- Run | Scr Mat Min Exi Min Mat Gar Mat Fac Low Low Fac Low Low Dat Peak Influence 395 | 25 123 47 . 170 330 395 340 362 . . 204 . . . Initial 192 | . 16 47 . . 66 167 192 154 . . 77 . . . Average 159 | 11 47 47 . 92 145 308 281 257 . . 98 . . . Maximum Alert Level 1 | . . . . . 1 1 1 1 . . 1 . . . Low Security (%) 69 | 100 100 100 . 100 72 24 7 37 . . 98 . . . Level 1 30 | . . . . . 27 75 92 62 . . 1 . . . Level 2 . | . . . . . . . . . . . . . . . Level 3 . | . . . . . . . . . . . . . . . Level 4 . | . . . . . . . . . . . . . . . Level 5 . | . . . . . . . . . . . . . . . High Security . | . . . . . . . . . . . . . . . Max Security . | . . . . . . . . . . . . . . . Squads Dispatched 13 | . 1 . . . 2 . 4 3 . . 3 . . . Investigation 5 | . 1 . . . 1 . 1 1 . . 1 . . . Extermination 3 | . . . . . . . . 2 . . 1 . . . Reinforcement 4 | . . . . . . . 3 . . . 1 . . . Assault . | . . . . . . . . . . . . . . . Garrison 1 | . . . . . 1 . . . . . . . . . Intercept . | . . . . . . . . . . . . . . . Construction Impeded 1 | . . . . . . . . . . . 1 . . . Haulers Reinforced . | . . . . . . . . . . . . . . . Stealth | -11 -10 -10 -10 -9 -8 -8 -8 -7 -7 -7 -6 -6 -6 -6 --------- Run | Scr Mat Min Exi Min Mat Gar Mat Fac Low Low Fac Low Low Dat Distress Signals 7 | . 1 . . . 2 . 2 . . . 2 . . . Communications Jammed 4 | . . . . . 4 . . . . . . . . . Distress Signals 4 | . . . . . 4 . . . . . . . . . Times Spotted 113 | . 7 . . 7 27 13 8 9 1 5 23 5 4 4 Peak Tracking Total 5 | . 3 . . 4 5 5 5 3 1 3 4 4 4 4 Tactical Retreats 6 | . . . . . 1 . . 1 . 1 3 . . . Traps | -11 -10 -10 -10 -9 -8 -8 -8 -7 -7 -7 -6 -6 -6 -6 ------- Run | Scr Mat Min Exi Min Mat Gar Mat Fac Low Low Fac Low Low Dat Traps Triggered 7 | . . . . . 1 2 1 2 . . 1 . . . Indirectly . | . . . . . . . . . . . . . . . Trap Hack Attempts . | . . . . . . . . . . . . . . . Triggered . | . . . . . . . . . . . . . . . Disarmed . | . . . . . . . . . . . . . . . Reprogrammed . | . . . . . . . . . . . . . . . Reused . | . . . . . . . . . . . . . . . Traps Extracted . | . . . . . . . . . . . . . . . Installed . | . . . . . . . . . . . . . . . Triggered . | . . . . . . . . . . . . . . . Machines | -11 -10 -10 -10 -9 -8 -8 -8 -7 -7 -7 -6 -6 -6 -6 ---------- Run | Scr Mat Min Exi Min Mat Gar Mat Fac Low Low Fac Low Low Dat Machines Disabled 12 | . 1 . . 1 2 . 2 6 . . . . . . Max in Single Turn 6 | . 1 . . . 1 . 1 6 . . . . . . Garrison Access 2 | . . . . . . . . . . . 2 . . . Machines Sabotaged . | . . . . . . . . . . . . . . . Garrisons Compromised . | . . . . . . . . . . . . . . . Overloaded Fab Kills . | . . . . . . . . . . . . . . . Fab Network Shutdowns . | . . . . . . . . . . . . . . . Hacking | -11 -10 -10 -10 -9 -8 -8 -8 -7 -7 -7 -6 -6 -6 -6 --------- Run | Scr Mat Min Exi Min Mat Gar Mat Fac Low Low Fac Low Low Dat Machines Accessed 28 | . 1 . 1 . 12 . 1 5 . . 6 . . 2 Terminals 20 | . 1 . . . 11 . 1 5 . . 2 . . . Fabricators 2 | . . . . . . . . . . . 2 . . . Repair Stations . | . . . . . . . . . . . . . . . Recycling Units . | . . . . . . . . . . . . . . . Scanalyzers . | . . . . . . . . . . . . . . . Garrison Access 3 | . . . . . 1 . . . . . 2 . . . Total Hacks 119 | . 3 . 1 . 58 . 4 20 . . 16 . . 17 Successful 74 | . . . 1 . 33 . 2 11 . . 10 . . 17 Failed 45 | . 3 . . . 25 . 2 9 . . 6 . . . Catastrophic 6 | . . . . . 4 . . 1 . . 1 . . . Database Lockouts . | . . . . . . . . . . . . . . . Manual 75 | . 3 . 1 . 47 . 3 16 . . 5 . . . Terminals 89 | . 3 . . . 57 . 4 20 . . 5 . . . Fabricators 9 | . . . . . . . . . . . 9 . . . Repair Stations . | . . . . . . . . . . . . . . . Recycling Units . | . . . . . . . . . . . . . . . Scanalyzers . | . . . . . . . . . . . . . . . Garrison Access 3 | . . . . . 1 . . . . . 2 . . . Terminal Hacks 52 | . . . 1 . 25 . 1 7 . . 1 . . 17 Record 1 | . . . . . 1 . . . . . . . . . Part Schematic 12 | . . . . . 2 . . 3 . . . . . 7 Robot Schematic 7 | . . . . . . . . . . . . . . 7 Robot Analysis 8 | . . . . . 6 . . 2 . . . . . . Prototype ID Bank 6 | . . . . . 2 . . . . . 1 . . 3 Branch Access Points 1 | . . . . . 1 . . . . . . . . . Terminal Index 2 | . . . . . 1 . . 1 . . . . . . Alert Level 1 | . . . . . 1 . . . . . . . . . Unreport Threat 1 | . . . . . 1 . . . . . . . . . Locate Traps 7 | . . . . . 5 . 1 1 . . . . . . Zone Layout 5 | . . . . . 5 . . . . . . . . . EX-Prototype ID Bank 1 | . . . 1 . . . . . . . . . . . Fabricator Hacks 4 | . . . . . . . . . . . 4 . . . Load Schematic 2 | . . . . . . . . . . . 2 . . . Build 2 | . . . . . . . . . . . 2 . . . Repair Station Hacks . | . . . . . . . . . . . . . . . Recycling Unit Hacks . | . . . . . . . . . . . . . . . Scanalyzer . | . . . . . . . . . . . . . . . Garrison Access Hacks 3 | . . . . . 1 . . . . . 2 . . . Unlock Access 1 | . . . . . 1 . . . . . . . . . Seal Access 2 | . . . . . . . . . . . 2 . . . Unauthorized Hacks 15 | . . . . . 7 . 1 4 . . 3 . . . Terminals 14 | . . . . . 7 . 1 4 . . 2 . . . Track 4 | . . . . . 4 . . . . . . . . . Botnet 9 | . . . . . 3 . 1 3 . . 2 . . . Operators 1 | . . . . . . . . 1 . . . . . . Fabricators 1 | . . . . . . . . . . . 1 . . . Prioritize 1 | . . . . . . . . . . . 1 . . . Repair Stations . | . . . . . . . . . . . . . . . Recycling Units . | . . . . . . . . . . . . . . . Scanalyzers . | . . . . . . . . . . . . . . . Garrison Access . | . . . . . . . . . . . . . . . Data Cores Recovered . | . . . . . . . . . . . . . . . Used . | . . . . . . . . . . . . . . . Hacking Detections 22 | . 1 . . . 11 . 1 5 . . 4 . . . Full Trace Events 4 | . . . . . 1 . 1 1 . . 1 . . . Feedback Events . | . . . . . . . . . . . . . . . Feedback Blocked . | . . . . . . . . . . . . . . . Robot Schematics Acquired 7 | . . . . . . . . . . . . . . 7 Robots Built . | . . . . . . . . . . . . . . . Matter . | . . . . . . . . . . . . . . . Time . | . . . . . . . . . . . . . . . Total Robot Build Rating . | . . . . . . . . . . . . . . . Part Schematics Acquired 12 | . . . . . 2 . . 3 . . . . . 7 Parts Built 2 | . . . . . . . . . . . 2 . . . Matter 336 | . . . . . . . . . . . 336 . . . Time 84 | . . . . . . . . . . . 84 . . . Total Part Build Rating 8 | . . . . . . . . . . . 8 . . . Parts Repaired . | . . . . . . . . . . . . . . . Time . | . . . . . . . . . . . . . . . Parts Recycled . | . . . . . . . . . . . . . . . Recycled Matter . | . . . . . . . . . . . . . . . Retrieved Matter . | . . . . . . . . . . . . . . . Retrieved Components . | . . . . . . . . . . . . . . . Parts Scanalyzed . | . . . . . . . . . . . . . . . Part Schematics Acquired . | . . . . . . . . . . . . . . . Parts Damaged . | . . . . . . . . . . . . . . . Bothacking | -11 -10 -10 -10 -9 -8 -8 -8 -7 -7 -7 -6 -6 -6 -6 ------------ Run | Scr Mat Min Exi Min Mat Gar Mat Fac Low Low Fac Low Low Dat Used RIF Installer 1 | . . . . . . 1 . . . . . . . . Robots Hacked . | . . . . . . . . . . . . . . . Non-combat . | . . . . . . . . . . . . . . . Combat . | . . . . . . . . . . . . . . . Robot Hacks Applied . | . . . . . . . . . . . . . . . Relay Couplers Released . | . . . . . . . . . . . . . . . Robots Rewired . | . . . . . . . . . . . . . . . Allies Hacked . | . . . . . . . . . . . . . . . Hacks Repelled . | . . . . . . . . . . . . . . . Allies | -11 -10 -10 -10 -9 -8 -8 -8 -7 -7 -7 -6 -6 -6 -6 -------- Run | Scr Mat Min Exi Min Mat Gar Mat Fac Low Low Fac Low Low Dat Total Allies 3 | . . . . 1 . . . . . . 1 . . 1 Largest Group 1 | . . . . 1 1 . . . . . 1 . . 1 Highest-Rated Group 94 | . . . . 31 31 . . . . . 81 . . 94 Highest-Rated Ally 94 | . . . . 31 31 . . . . . 81 . . 94 Total Orders 1 | . . . . . . . . . . . 1 . . . STAY 1 | . . . . . . . . . . . 1 . . . Ally Attacks 39 | . . . . 5 18 . . . . . 1 . . 15 Total Damage 762 | . . . . 60 171 . . . . . 78 . . 453 Kills 6 | . . . . 1 3 . . . . . 1 . . 1 Allies Corrupted . | . . . . . . . . . . . . . . . Allies Melted . | . . . . . . . . . . . . . . . Field Lobotomies 2 | . . . . . . . . . . . 1 . . 1 Intel | -11 -10 -10 -10 -9 -8 -8 -8 -7 -7 -7 -6 -6 -6 -6 ------- Run | Scr Mat Min Exi Min Mat Gar Mat Fac Low Low Fac Low Low Dat Robot Analysis Total 123 | . . . . . 6 . . 2 . . . . . 115 Derelict Logs Recovered 6 | . . 1 . 1 . . . . 1 2 . 1 . . Drone Launches . | . . . . . . . . . . . . . . . Drone Recoveries . | . . . . . . . . . . . . . . . Exploration | -11 -10 -10 -10 -9 -8 -8 -8 -7 -7 -7 -6 -6 -6 -6 ------------- Run | Scr Mat Min Exi Min Mat Gar Mat Fac Low Low Fac Low Low Dat Turns Passed 5935 | 108 187 136 403 98 1119 209 278 772 276 618 1077 225 280 149 Spaces Moved 3656 | 45 62 82 248 38 644 107 163 514 196 443 683 154 204 73 Core 10 | 10 . . . . . . . . . . . . . . Treads 490 | 35 62 82 248 38 25 . . . . . . . . . Legs 3156 | . . . . . 619 107 163 514 196 443 683 154 204 73 Wheels . | . . . . . . . . . . . . . . . Hover . | . . . . . . . . . . . . . . . Flight . | . . . . . . . . . . . . . . . Fastest Speed 50 | 50 160 160 160 160 120 120 120 120 120 120 120 120 120 120 Average Speed 125 | 135 160 160 160 160 121 120 120 120 120 120 120 120 121 124 Slowest Speed 160 | 160 160 160 160 160 160 120 120 120 150 150 150 120 150 150 Overloaded Moves . | . . . . . . . . . . . . . . . Propulsion Burnouts . | . . . . . . . . . . . . . . . Robots Hopped . | . . . . . . . . . . . . . . . Cave-ins Triggered . | . . . . . . . . . . . . . . . Exploration Rate (%) 39 | 5 24 33 68 16 67 32 27 18 44 79 17 44 45 78 Regions Visited 14 Branch Regions 8 Pre-discovered Areas 30 | . . . . 2 . . . . . . . . . 28 Known Exits Taken 5 | . . . . . 1 . 1 . 1 1 . 1 . . Unknown Exits Taken 8 | 1 1 1 1 1 . . . 1 . . 1 . 1 . Scrap Searched 8 | . . 1 . . . . . . 1 3 . . 3 . Spaces Dug 25 | . 1 . . . 9 . 7 2 . . 5 1 . . Terrain Destroyed 97 | . 1 . . . 9 3 7 66 . 3 7 1 . . Melee 8 | . . . . . . . . 2 . . 5 1 . . Projectile 19 | . 1 . . . 9 . 7 . . . 2 . . . AOE 70 | . . . . . . 3 . 64 . 3 . . . . Terrain Rammed . | . . . . . . . . . . . . . . . Walls Destroyed . | . . . . . . . . . . . . . . . Machines Disabled . | . . . . . . . . . . . . . . . Actions | -11 -10 -10 -10 -9 -8 -8 -8 -7 -7 -7 -6 -6 -6 -6 --------- Run | Scr Mat Min Exi Min Mat Gar Mat Fac Low Low Fac Low Low Dat Total 4408 | 69 97 83 253 56 830 148 201 622 213 500 824 176 231 105 Wait 50 | . 2 . . . 9 . 1 4 . 17 9 8 . . Move 3641 | 44 61 81 247 37 643 105 162 513 195 442 682 153 203 73 Hop . | . . . . . . . . . . . . . . . Pick Up 74 | 6 1 . 2 2 19 2 2 18 . 2 14 . 6 . Fast Attach 61 | 5 1 . . . 26 1 1 6 2 4 9 2 4 . Attach 45 | 2 . . . 1 8 2 1 8 . . 11 1 2 9 Detach 12 | . . . . . 5 . 1 1 . . 4 . 1 . Swap 116 | 1 2 . 3 4 23 6 7 20 3 13 19 2 5 8 Drop 94 | . 1 . 1 2 29 2 3 19 2 7 18 2 6 2 Fire 291 | 11 29 2 . 10 68 20 23 26 11 15 53 7 4 12 Melee 9 | . . . . . . . . 2 . . 5 1 . 1 Ram . | . . . . . . . . . . . . . . . Kick . | . . . . . . . . . . . . . . . Crush . | . . . . . . . . . . . . . . . Escape Stasis 15 | . . . . . . 10 . 5 . . . . . . Rewire . | . . . . . . . . . . . . . . . Trap . | . . . . . . . . . . . . . . . Miscellaneous . | . . . . . . . . . . . . . . . Route ------- -11/Scrapyard -10/Materials -10/Mines -10/Exiles (discovered 2 exits: [*Min x2]) -9/Mines -8/Materials (discovered 5 exits: *Fac x2 / *Sto x2 / Gar) -8/Garrison -8/Materials -7/Factory (discovered 2 exits: *Fac / [*Low]) -7/Lower Caves -7/Lower Caves (discovered 2 exits: *Fac / *Zio) -6/Factory (discovered 2 exits: *Fac / [*Low]) -6/Lower Caves -6/Lower Caves -6/Data Miner (discovered 1 exit: [*Pro]) History --------- Turn | Location | Event 10 | -11/Scrapyard | Discovered new exit (range 16) 109 | -11/Scrapyard | Entered Materials 198 | -10/Materials | Discovered new exit (range 5) 201 | -10/Materials | Met 8R-AWN 296 | -10/Materials | Entered Mines 298 | -10/Mines | Followed 8R-AWN into the Mines 314 | -10/Mines | Build established: Mutant 321 | -10/Mines | Assembled infested the area 340 | -10/Mines | Learned location of 1 exit from Materials 425 | -10/Mines | Discovered new exit (range 5) 432 | -10/Mines | Entered Exiles 456 | -10/Exiles | Discovered new exit (range 15) 476 | -10/Exiles | Welcomed by 8R-AWN 498 | -10/Exiles | Met EX-HEX 586 | -10/Exiles | Met EX-DEC 613 | -10/Exiles | Met EX-BIN 635 | -10/Exiles | Aligned with FarCom system 637 | -10/Exiles | Given EX-Vault access code 674 | -10/Exiles | Opened EX-Vault 682 | -10/Exiles | Found Field Lobotomy Kit 716 | -10/Exiles | Warned to stay clear of 0b10 Research branches 822 | -10/Exiles | Discovered new exit (range 10) 835 | -10/Exiles | Left Exiles lab with Field Lobotomy Kit 835 | -10/Exiles | Entered Mines 851 | -9/Mines | Escorted by a lone wolf Derelict 871 | -9/Mines | Learned location of Storage (-8) 881 | -9/Mines | Met a Derelict bent on vengeance 891 | -9/Mines | Discovered new exit (range 13) 933 | -9/Mines | Entered Materials 933 | -8/Materials | Accompanied by 1 ally 933 | -8/Materials | Evolved 4 slots: Propulsion x1, Utility x3 934 | -8/Materials | Identified exit to Factory 1624 | -8/Materials | Discovered exit to Factory (range 8) 1933 | -8/Materials | Garrison activated, responded to threat 1963 | -8/Materials | Identified exit to Storage 2040 | -8/Materials | Identified exit to Garrison 2052 | -8/Materials | Entered Garrison 2058 | -8/Garrison | Installed Relay Interface Framework 2151 | -8/Garrison | Triggered checkpoint 2180 | -8/Garrison | Destroyed 10 combat bots 2204 | -8/Garrison | Triggered checkpoint 2252 | -8/Garrison | Discovered new exit (range 8) 2261 | -8/Garrison | Entered Materials 2521 | -8/Materials | Discovered exit to Factory (range 9) 2539 | -8/Materials | Entered Factory 2539 | -7/Factory | Evolved 2 slots: Propulsion x1, Utility x1 2923 | -7/Factory | Discovered new exit (range 16) 2994 | -7/Factory | Discovered new exit (range 8) 3311 | -7/Factory | Entered Lower Caves 3406 | -7/Lower Caves | Identified exit to Lower Caves 3557 | -7/Lower Caves | Spotted B-75 Beast 3578 | -7/Lower Caves | Build established: Scavenger-Mutant 3587 | -7/Lower Caves | Entered another Lower Caves area 3841 | -7/Lower Caves | Learned 4 Factory zone layouts 3920 | -7/Lower Caves | Discovered new exit (range 16) 3938 | -7/Lower Caves | Identified exit to Zion 4154 | -7/Lower Caves | Learned Factory interactive machine intel 4195 | -7/Lower Caves | Discovered new exit (range 5) 4199 | -7/Lower Caves | Identified exit to Factory 4205 | -7/Lower Caves | Entered Factory 4205 | -6/Factory | Evolved 2 slots: Power x1, Utility x1 4207 | -6/Factory | Loaded intel: 45 interactive machine locations 4265 | -6/Factory | Spotted B-75 Beast 4267 | -6/Factory | Assimilated B-75 Beast with FLK Orb 4359 | -6/Factory | Lost 3 parts (1p1n1u) 4630 | -6/Factory | Discovered new exit (range 9) 4769 | -6/Factory | Build established: Scavenger-Skirmisher 4889 | -6/Factory | Discovered new exit (range 4) 4961 | -6/Factory | Fabricated Lrn. Terrain Scanner (x1) 5029 | -6/Factory | Identified exit to Factory 5158 | -6/Factory | Fabricated Lrn. Terrain Scanner (x1) 5282 | -6/Factory | Entered Lower Caves 5285 | -6/Lower Caves | Identified exit to Lower Caves 5338 | -6/Lower Caves | Spotted B-75 Beast 5374 | -6/Lower Caves | Destroyed B-75 Beast 5507 | -6/Lower Caves | Entered another Lower Caves area 5769 | -6/Lower Caves | Discovered new exit (range 16) 5787 | -6/Lower Caves | Entered Data Miner 5787 | -6/Data Miner | Discovered new exit (range 6) 5808 | -6/Data Miner | Met Data Miner 5850 | -6/Data Miner | Received God Mode back door access code from Data Miner 5880 | -6/Data Miner | Interfaced with the Data Conduit 5904 | -6/Data Miner | Core integrity fell below 50% 5904 | -6/Data Miner | Assimilated Enhanced Grunt with FLK Orb 5909 | -6/Data Miner | Core integrity fell below 20% 5936 | -6/Data Miner | Destroyed by Enhanced Grunt with Neutron Cannon Last Messages --------------- Downloaded encryption format records. Connection remotely terminated. 05887_ Carbon-fiber Leg destroyed. 05896_ Shock Bomb Launcher destroyed. 05900_ Imp. Deuterium Engine destroyed. 05901_ Shock Bomb Launcher destroyed. 05901_ Carbon-fiber Leg destroyed. 05904_ Enhanced Grunt assimilated. 05905_ Imp. Deuterium Engine destroyed. 05905_ Hacking Suite destroyed. 05912_ Carbon-fiber Leg destroyed. 05912_ Slug penetrates Enhanced Grunt. 05915_ Flexi-carbon Leg destroyed. 05916_ Enhanced Grunt suffers critical hit. 05918_ Enhanced Grunt destroyed. 05922_ Gauss Rifle destroyed. 05925_ Arm. Leg destroyed. 05925_ Lgt. Angular Momentum Engine destroyed. 05932_ Hvy. Laser destroyed. 05934_ Enhanced Grunt destroyed. Map ----- +----------------------------------------------------+ | | | | | | | | | | | | | | | | | | | | | | | | | | | | | | | | | ?#??#???????#?###??##?#?#????##?????#?? | | ???#??#?#?###??#????####?#??#???#?????? | | ?????????##???#??#?#??#?##??#?#?????#?? | | ????##??#??#####????##????#?#?#??##???? | | ??????#?#?#??#####?##???##????#?#???### | | #????################?#?#??##???#??### | | #?#?#"""""""" " " ###### # ? ? ?## | | #??#""""""""" # # ###### < | | ??#""""""""" g!=! | | ???""""""" @ !%*! | | ?##""""""" g !]=! | | ??#"""""" % | | ?#?"""""" | | ??#""""""" """"""""""""""" | | ?#?"""""""" """"############# | | #?#?""""""" """""###???##????#?? | | ##?##"""""""" "#########??##???#?? | | ??##?#######"## "#?#??????###?##??#? | | #????#?#??##"### "#?#?#?#?#???#?????? | | ??##?#??#??#"### "##?#??######??????# | | ?#?##???##?#"## "##?###?????#?##?### | | ????###??#?#"## "####?????#?????#??? | | ???????"????"#!! "####????#?##??#?##? | | ??#??"?"?"##?### "##??#???##??###?### | | ?#???"????#??### "##?#????????####??? | | ??##??"??????### ""##?##?##?#??####?# | | #??#?"??"???"## ""#???##?#?####?#??? | | ?#?#??###"##"#"X ""###??##?#?#?###### | | #???#???#"""""" "#####???###?????## | | ????#?##?#""""" X"""""##????????#?## | | #???#????###"#"X "##"###?#?#?#?#?### | | ???#???????#"## X""""#?#?##?###?#??# | | ??#?#??###????## "##"##???##?#??##?? | | ????????###????########"#??#?###???##?? | +----------------------------------------------------+ Best States ------------- Heat Dissipation 48 Energy Generation 29 Energy Capacity 480 Matter Stores 300 Matter Capacity 300 Sight Range 18 Terrain Scan Range 24 Terrain Scan Density 110 Jamming Range 8 Armor Coverage 300 Evasion (%) 50 Recoil Reduction 2 Salvage Targeting 4 Offensive Hacking 20 Defensive Hacking 10 Item Schematics ----------------- Lrg. Storage Unit | -8/Materials | Hacked Imp. Utility Shielding | -8/Materials | Hacked Lrn. Terrain Scanner | -7/Factory | Hacked Adv. Terrain Scan Processor | -7/Factory | Hacked Mic. Nuclear Core | -7/Factory | Hacked Combat Drone Bay | -6/Data Miner | Free Lgt. Regenerative Plating | -6/Data Miner | Free Exp. Flexi-carbon Leg | -6/Data Miner | Free Exp. Terrain Scan Processor | -6/Data Miner | Free Exp. Transmission Jammer | -6/Data Miner | Free Exp. ECM Suite | -6/Data Miner | Free Kinetic Spear | -6/Data Miner | Free Robot Schematics ------------------ S-27 Virus | -6/Data Miner | Free G-50 Soldier | -6/Data Miner | Free G-67 Veteran | -6/Data Miner | Free X-72 Disruptor | -6/Data Miner | Free H-66 Slayer | -6/Data Miner | Free I-36 Angel | -6/Data Miner | Free I-47 Archangel | -6/Data Miner | Free Fabricated ------------ Lrn. Terrain Scanner | x1 | -6/Factory Lrn. Terrain Scanner | x1 | -6/Factory Alien Tech Used ----------------- None Achievements -------------- None Challenges ------------ None Game ------ Seed ThiefShockTorch Manual? 0 Play Time 01:41:06 Cumulative 359.5 hours Start 2021.11.16 @ 23:09:20 End 2021.11.17 @ 00:54:33 Sessions 3 Manual Loads 0 Difficulty Rogue Special Mode None Game No. 180 Rogue 62 Adventurer 116 Explorer 2 Win Type - Total 31 Types 28/2/0/0/0/0/0/0/1 Lore% 55 Gallery% 81 Achievement% 59 Wizard Run 0 Options --------- ASCII 0 Keyboard 1 Movement Numpad Keybinds 0 Fullscreen 1 Font 36/TerminusFine Map View 76x50 Tactical HUD 1 Map Filters NONE Filters NONE Steam 1 RUN: d4b40b55-7802-4f0f-ac07-c082545a4625